 Dungeon Crawl Stone Soup version 0.17.0-19-gb37c632 (console) character file.

49296 Kloppie the Slicer (level 14, -2/82 HPs)
             Began as a Vine Stalker Fighter on Nov 12, 2015.
             Was the Champion of Cheibriados.
             Slain by Rupert
             ... wielding a +1 great mace of protection
              (12 damage)
             ... on level 3 of the Orcish Mines.
             The game lasted 00:47:19 (15693 turns).

Kloppie the Slicer (Vine Stalker Fighter)          Turns: 15693, Time: 00:47:19

Health: -2/82      AC: 21    Str: 34    XL:     14   Next: 50%
Magic:  0/24       EV:  5    Int: 24    God:    Cheibriados [******]
Gold:   1860       SH: 13    Dex: 38    Spells: 1 memorised, 12 levels left

rFire  . . .     SeeInvis .     b - +2 short sword (vamp)
rCold  . . .     Clarity  +     N - +0 plate armour of Merghed {+Fly rPois rN+ Dex+2} (curse)
rNeg   + . .     SustAt   .     c - +0 shield
rPois  +         Gourm    .     Q - +2 hat
rElec  .         Spirit   +     E - +2 cloak
rCorr  .         Warding  .     H - +2 pair of gloves {Dex+3}
rMut   .         Stasis   .     (no boots)
MR     +....                    t - amulet of clarity
Stlth  ..........               C - +3 ring of slaying
                                n - ring of poison resistance

@: very slow, somewhat resistant to hostile enchantments, extremely unstealthy
A: fangs 3, regeneration 3, magic shield, antimagic bite, no device heal 3, rot
immunity
a: Bend Time, Temporal Distortion, Slouch, Step From Time, Renounce Religion,
Evoke Flight


You were on level 3 of the Orcish Mines.
You worshipped Cheibriados.
Cheibriados was exalted by your worship.
You were hungry.

You visited 3 branches of the dungeon, and saw 21 of its levels.

You collected 1860 gold pieces.

Inventory:

Hand Weapons
 a - a +1 rapier
 b - a +2 vampiric short sword (weapon)
 U - the +10 hand crossbow "Leviticus" {elec, rF+ MR+}
   (You found it on level 10 of the Dungeon)

   It charges the ammunition it shoots with electricity; occasionally upon a
   hit, such missiles may discharge and cause terrible harm.
   It protects you from fire.
   It affects your resistance to hostile enchantments.
 Z - the +5 dagger "Uhioffe" {pierce, Str+4}
   (You found it on level 11 of the Dungeon)

   It inflicts extra damage upon your enemies.
   It affects your strength (+4).
Missiles
 W - 6 javelins (quivered)
Armour
 c - a +0 shield (worn)
 v - the +0 scale mail "Istrosk" {MP+9 Dex+3}
   (You found it on level 2 of the Lair of Beasts)

   It affects your dexterity (+3).
   It affects your magic capacity (+9).
 E - a +2 cloak (worn)
 H - a +2 pair of gloves of dexterity (worn)
 N - the cursed +0 plate armour of Merghed (worn) {+Fly rPois rN+ Dex+2}
   (You found it on level 5 of the Lair of Beasts)

   It affects your dexterity (+2).
   It protects you from poison.
   It protects you from negative energy.
   It lets you fly.
   It has a curse placed upon it.
 Q - a +2 hat (worn)
Jewellery
 n - a ring of poison resistance (left hand)
 o - an uncursed ring of protection from fire
 t - an amulet of clarity (around neck)
 x - an uncursed ring of stealth
 C - a +3 ring of slaying (right hand)
 G - an uncursed ring of teleportation
Wands
 m - a wand of invisibility (3)
 u - a wand of paralysis (16)
 y - a wand of digging (17)
 F - a wand of digging (7)
Scrolls
 g - 9 scrolls of magic mapping
 i - 9 scrolls of teleportation
 p - 3 scrolls of fear
 A - 4 scrolls of recharging
 J - 2 scrolls of blinking
 L - 4 scrolls of remove curse
 O - 2 scrolls of enchant weapon
 S - 4 scrolls of enchant armour
Potions
 d - a potion of might
 f - 3 potions of lignification
 q - 14 potions of curing
 r - 2 potions of poison {unknown}
 w - 2 potions of resistance
 D - 2 potions of magic
 I - a potion of invisibility
 K - 4 potions of flight {unknown}
Miscellaneous
 R - a phial of floods
Comestibles
 e - 8 bread rations
 s - 11 meat rations


   Skills:
 + Level 13.1 Fighting
 + Level 13.2 Short Blades
 - Level 6.8 Armour
 + Level 3.0 Shields
 - Level 12.2 Invocations


You had 12 spell levels left.
You knew the following spells:

 Your Spells              Type           Power        Failure   Level  Hunger
a - Apportation           Tloc           #.........   100%        1    ##.....


Dungeon Overview and Level Annotations

Branches:
Dungeon (11/15)            Temple (0/1) D:7            Lair (7/8) D:11
 Shoals (0/4) Lair:4        Snake (0/4) Lair:4        Slime (0/6) Lair:6
    Orc (3/4) D:11
    Elf: Orc:3-4

Altars:
Cheibriados
Dithmenos
Elyvilon
Fedhas
Kikubaaqudgha
Nemelex Xobeh
Okawaru
Ru
Trog
Xom
Yredelemnul
Zin
The Shining One

Shops:
D:9 *   Orc:3 !

Portals:
Trove: D:10 (give horn of Geryon)

Annotations:
Lair:3 exclusion: 2 oklob plants
Orc:3 Nessos, Rupert


Innate Abilities, Weirdness & Mutations

You have razor-sharp teeth.
You regenerate.
When hurt, damage is shared between your health and your magic reserves.
Your bite disrupts and absorbs the magic of your enemies.
Potions and wands cannot restore your health.
You are immune to rotting.


Message History

You block Rupert's attack. The warg closely misses you.
You hit Rupert but do no damage. Your bite misses Rupert.
Rupert is lightly wounded.
You hit Rupert.
You feel better.
You bite Rupert, but do no damage.
Rupert is lightly wounded.
Rupert hits you with a great mace of protection.
* * * LOW HITPOINT WARNING * * *
The warg bites you but does no damage.
You hit Rupert but do no damage. You bite Rupert!
Rupert's magic leaks into the air.
You drain his magic.
You feel invigorated.
Rupert is lightly wounded.
The warg barely misses you.
Rupert hits you with a great mace of protection!
* * * LOW HITPOINT WARNING * * *
Read which item? (? for menu, Esc to quit)
As you read the scroll of fear, it crumbles to dust.
You assume a fearsome visage.
Rupert resists with some effort.
The warg looks frightened!
The orc looks frightened!
The orc looks frightened!
Rupert hits you with a great mace of protection!!
You die...

#..............######
.......>.........#..#
##........o.....$.....
...................
.#................#
....#.#...o........
.....##....)h...... .
$.# ##.#@.......# #.#
###@)....#.# ..#
#.))....... ..
#........#..
#$...........
#....#........
#...##...$..$. #...
##...$... ##.# #....<


You could see Rupert (berserk), a warg (fleeing) and 2 orcs.

Vanquished Creatures
  A fire dragon (Lair:5)
  2 hydras
  5 death yaks (Lair:4)
  2 hill giants (D:11)
  2 orc knights (Orc:1)
  2 griffons (Lair:7)
  19 elephants
  2 black mambas
  3 torpor snails
  A centaur zombie (D:11)
  13 spiny frogs
  6 komodo dragons
  2 fire drakes
  A queen bee (D:10)
  3 two-headed ogres
  A troll (Orc:1)
  21 blink frogs
  3 polar bears
  Sigmund (D:5)
  25 yaks
  A deep elf mage (D:10)
  A wyvern (D:11)
  Eustachio (D:5)
  A wraith (D:8)
  A deep elf fighter (D:11)
  8 hippogriffs
  11 wolves
  Menkaure (D:6)
  7 basilisks
  A steam dragon (Lair:4)
  2 nagas (Lair:4)
  A warg (Orc:1)
  10 porcupines
  3 sky beasts (D:8)
  2 black bears
  15 water moccasins
  4 ice beasts
  A necrophage (D:6)
  16 orc warriors
  3 phantoms
  2 eyes of draining
  11 ogres
  2 centaurs
  14 crocodiles
  3 big kobolds (D:8)
  14 giant frogs
  A gnoll sergeant (D:9)
  24 killer bees (D:10)
  6 electric eels
  7 crimson imps
  2 giant frog zombies
  13 jellies (Lair:6)
  A gnoll shaman (D:6)
  8 iguanas
  17 orc wizards
  A hound (D:8)
  13 orc priests
  A giant frog skeleton (D:5)
  11 worker ants
  32 sheep
  A hound skeleton (D:8)
  64 river rats
  11 adders
  9 gnolls
  A shadow imp (D:5)
  2 oozes
  An adder zombie (D:6)
  An adder skeleton (D:4)
  A worm (D:4)
  6 giant geckos
  130 orcs
  9 bats
  6 giant cockroaches
  6 goblins
  4 hobgoblins
  8 jackals
  5 kobolds
  2 quokkas
  A ball python zombie (D:5)
  6 giant newts
  2 jackal skeletons
  15 rats
  3 plants
682 creatures vanquished.

Vanquished Creatures (others)
  17 fungi
  5 plants
22 creatures vanquished.

Grand Total: 704 creatures vanquished

Notes
Turn   | Place    | Note
--------------------------------------------------------------
     0 | D:1      | Kloppie the Vine Stalker Fighter began the quest for the Orb.
     0 | D:1      | Reached XP level 1. HP: 11/11 MP: 2/2
   120 | D:1      | Reached skill level 3 in Fighting
   120 | D:1      | Reached XP level 2. HP: 14/16 MP: 3/3
   737 | D:2      | Found a snail-covered altar of Cheibriados.
   742 | D:2      | Reached XP level 3. HP: 20/20 MP: 4/4
   752 | D:2      | Became a worshipper of Cheibriados the Contemplative
   872 | D:2      | Found a shimmering altar of Xom.
  1333 | D:3      | Reached XP level 4. HP: 22/24 MP: 5/5
  1418 | D:3      | Reached * piety under Cheibriados
  1631 | D:3      | Found a sparkling altar of Nemelex Xobeh.
  1632 | D:3      | Found a basalt altar of Yredelemnul.
  1931 | D:3      | Reached XP level 5. HP: 29/29 MP: 6/6
  2028 | D:4      | Reached skill level 4 in Fighting
  2093 | D:4      | Found a sparkling altar of Nemelex Xobeh.
  2145 | D:4      | Noticed an ogre
  2158 | D:4      | Killed an ogre
  2158 | D:4      | Reached ** piety under Cheibriados
  2158 | D:4      | Gained mutation: You heal very quickly. [Vine Stalker growth]
  2158 | D:4      | Reached XP level 6. HP: 20/33 MP: 4/7
  2676 | D:5      | Entered Level 5 of the Dungeon
  2732 | D:5      | Noticed Sigmund
  2747 | D:5      | Killed Sigmund
  2747 | D:5      | Reached XP level 7. HP: 28/38 MP: 6/8
  2843 | D:5      | Reached skill level 5 in Fighting
  2861 | D:5      | Noticed Eustachio
  2888 | D:5      | Killed Eustachio
  2930 | D:5      | Gained mutation: You have razor-sharp teeth. [Vine Stalker growth]
  2930 | D:5      | Reached XP level 8. HP: 31/44 MP: 9/9
  3092 | D:5      | Reached skill level 5 in Short Blades
  3092 | D:5      | Reached skill level 5 in Armour
  3106 | D:5      | Found an iron altar of Okawaru.
  3165 | D:5      | Reached *** piety under Cheibriados
  3621 | D:6      | Reached skill level 6 in Fighting
  3846 | D:6      | Found a sacrificial altar of Ru.
  3858 | D:6      | Noticed Menkaure
  3868 | D:6      | Reached XP level 9. HP: 49/49 MP: 10/10
  3874 | D:6      | Killed Menkaure
  3880 | D:6      | Reached **** piety under Cheibriados
  3885 | D:6      | Found a blossoming altar of Fedhas.
  3899 | D:6      | Found an ancient bone altar of Kikubaaqudgha.
  4007 | D:6      | Found a sparkling altar of Nemelex Xobeh.
  4056 | D:6      | Reached skill level 7 in Fighting
  4431 | D:7      | Found a staircase to the Ecumenical Temple.
  4492 | D:7      | Found a bloodstained altar of Trog.
  4599 | D:7      | Found a shadowy altar of Dithmenos.
  5089 | D:8      | Reached ***** piety under Cheibriados
  5224 | D:8      | Found a white marble altar of Elyvilon.
  5228 | D:8      | Found a glowing golden altar of the Shining One.
  5230 | D:8      | Found a glowing silver altar of Zin.
  5273 | D:8      | Found a bloodstained altar of Trog.
  5278 | D:8      | Reached skill level 1 in Invocations
  5381 | D:8      | Reached XP level 10. HP: 56/56 MP: 12/12
  5421 | D:8      | Reached skill level 8 in Fighting
  5535 | D:8      | Noticed a three-headed hydra
  5547 | D:8      | Killed a three-headed hydra
  5978 | D:9      | Found Dootut's General Store.
  6427 | D:10     | Entered Level 10 of the Dungeon
  6638 | D:10     | Found a white marble altar of Elyvilon.
  6648 | D:10     | Found a portal to a secret trove of treasure.
  6668 | D:10     | Reached skill level 9 in Fighting
  6675 | D:10     | Reached skill level 5 in Invocations
  6814 | D:10     | Reached ****** piety under Cheibriados
  6814 | D:10     | Reached XP level 11. HP: 47/62 MP: 12/16
  6815 | D:10     | Got a polished hand crossbow
  7206 | D:11     | Noticed a hill giant
  7214 | D:11     | Killed a hill giant
  7231 | D:11     | Got a steaming dagger
  7232 | D:11     | Identified the +5 dagger "Uhioffe" {pierce, Str+4} (You found it on level 11 of the Dungeon)
  7233 | D:11     | Identified the +10 hand crossbow "Leviticus" {elec, rF+ MR+} (You found it on level 10 of the Dungeon)
  7485 | D:11     | Identified a scroll of acquirement
  7497 | D:11     | Noticed a hill giant
  7504 | D:11     | Killed a hill giant
  7646 | D:11     | Reached skill level 10 in Fighting
  7675 | D:11     | Found a staircase to the Orcish Mines.
  7828 | D:11     | Found a staircase to the Lair.
  7871 | Lair:1   | Entered Level 1 of the Lair of Beasts
  8350 | Lair:1   | Reached skill level 10 in Short Blades
  8536 | Lair:2   | Gained mutation: You regenerate. [Vine Stalker growth]
  8536 | Lair:2   | Reached XP level 12. HP: 62/68 MP: 18/18
  9137 | Lair:2   | Got a translucent scale mail
  9213 | Lair:2   | Identified the cursed +0 scale mail "Istrosk" {MP+9 Dex+3} (You found it on level 2 of the Lair of Beasts)
  9462 | Lair:3   | Gained mutation: Your flesh is heat resistant. [potion of beneficial mutation]
  9463 | Lair:3   | Gained mutation: You occasionally shout uncontrollably at your foes. [potion of mutation]
  9463 | Lair:3   | Gained mutation: Your spells are a little harder to cast, but a little more powerful. [potion of mutation]
  9463 | Lair:3   | Gained mutation: Armour fits poorly on your strangely shaped body. [potion of mutation]
  9464 | Lair:3   | Lost mutation: Your spells are a little harder to cast, but a little more powerful. [potion of cure mutation]
  9464 | Lair:3   | Lost mutation: Armour fits poorly on your strangely shaped body. [potion of cure mutation]
  9464 | Lair:3   | Lost mutation: You occasionally shout uncontrollably at your foes. [potion of cure mutation]
  9464 | Lair:3   | Lost mutation: Your flesh is heat resistant. [potion of cure mutation]
  9514 | Lair:3   | Reached skill level 11 in Fighting
 10302 | Lair:4   | Found a staircase to the Shoals.
 10594 | Lair:4   | Noticed a death yak
 10594 | Lair:4   | Noticed a death yak
 10594 | Lair:4   | Noticed a death yak
 10595 | Lair:4   | Noticed a death yak
 10595 | Lair:4   | Noticed a death yak
 10606 | Lair:4   | Killed a death yak
 10614 | Lair:4   | Killed a death yak
 10621 | Lair:4   | Killed a death yak
 10626 | Lair:4   | Killed a death yak
 10626 | Lair:4   | Reached XP level 13. HP: 45/74 MP: 21/21
 10635 | Lair:4   | Killed a death yak
 10635 | Lair:4   | Reached skill level 10 in Invocations
 10643 | Lair:4   | Found a staircase to the Snake Pit.
 11454 | Lair:5   | Got a scorched dagger
 11481 | Lair:5   | Reached skill level 12 in Fighting
 11666 | Lair:5   | Got a crude plate armour
 12047 | Lair:6   | Found a snail-covered altar of Cheibriados.
 12269 | Lair:6   | Found a staircase to the Slime Pits.
 12842 | Lair:7   | Identified the +9 dagger of Calculation {speed, *Drain rPois Int+4 SInv} (You found it on level 5 of the Lair of Beasts)
 13021 | Lair:7   | Reached XP level 14. HP: 55/81 MP: 23/23
 13501 | Lair:7   | Reached skill level 13 in Fighting
 14280 | Lair:1   | Learned a level 1 spell: Apportation
 14320 | Orc:1    | Entered Level 1 of the Orcish Mines
 15081 | Orc:1    | Identified the cursed +0 plate armour of Merghed {+Fly rPois rN+ Dex+2} (You found it on level 5 of the Lair of Beasts)
 15653 | Orc:3    | Found Piyrchie's Distillery.
 15661 | Orc:3    | Noticed Nessos
 15667 | Orc:3    | Noticed Rupert
 15679 | Orc:3    | Paralysed by Rupert for 4 turns
 15693 | Orc:3    | Slain by Rupert

Action                   |  1- 3 |  4- 6 |  7- 9 | 10-12 | 13-15 || total
-------------------------+-------+-------+-------+-------+-------++-------
Melee: Rapier            |   105 |   162 |   197 |       |       ||   464
       Short sword       |       |       |    17 |   755 |   765 ||  1537
Throw: Javelin           |       |     2 |    86 |    48 |    26 ||   162
Invok: Slouch            |       |       |       |     1 |     2 ||     3
  Use: Scroll            |       |    12 |     1 |    18 |     6 ||    37
       Potion            |       |       |       |     3 |       ||     3
 Stab: Sleeping          |       |       |       |     2 |     2 ||     4
       Distracted        |       |       |       |       |     1 ||     1
  Eat: Chunk             |     2 |     2 |     6 |    11 |     6 ||    27
       Pizza             |       |       |     2 |       |       ||     2
       Fruit             |       |       |     1 |       |       ||     1
       Meat ration       |       |       |       |       |     1 ||     1
